AoeStats
← TIMVP

Arabia

508465117Analyzed
1v1 RM · 10d ago on Sep 22, 2026· 21m 53s· 2 players
Game mode
Random Map
Map size
Tiny (2 player)
Population
200
Speed
Normal
Resources
Standard
Victory
Conquest
Starting age
Dark Age
Ending age
Imperial Age
RankedLock teamsTeams togetherTeam positionsShared explorationLock speedFull tech treeHidden civsTurbo modeCheats
Victory
Defeat
🇵🇪 Romans · Peru
531
+14
🇩🇰 Turks · Denmark
488
-14
relaxing32
10:53 Feudal Age
13:20 Double-Bit Axe
22:08 Castle Age
20:51 Bloodlines
21:08 Horse Collar
21:22 Gold Mining
TIMVP
2:43 Loom
11:31 Feudal Age
12:00 Double-Bit Axe
13:20 Wheelbarrow
14:50 Town Watch
Connection lost

Rejoining the realm…

Still unreachable

The connection could not be restored.

Session expired

The server has moved on; the page needs a fresh start.